 Dungeon Crawl Stone Soup version 0.23-a0-558-g30802b1 (webtiles) character file.

72 Lavandula the Cutter (level 4, -13/27 HPs)
             Began as a Halfling Enchanter on Dec 11, 2018.
             Mangled by a mummy (14 damage)
             ... in an ossuary.
             The game lasted 00:06:53 (1539 turns).

Lavandula the Cutter (Halfling Enchanter)           Turns: 1539, Time: 00:06:54

Health: -13/27     AC:  3    Str:  9    XL:     4   Next: 48%
Magic:  1/6        EV: 15    Int: 14    God:
Gold:   61         SH:  0    Dex: 14    Spells: 0/6 levels left

rFire    . . .     SeeInvis .   a - +1 dagger
rCold    . . .     Gourm    .   (shield restricted)
rNeg     . . .     Faith    .   b - +0 robe
rPois    .         Spirit   .   (no helmet)
rElec    .         Reflect  .   k - +0 cloak
rCorr    .         Harm     .   (no gloves)
MR       .....                  (no boots)
Stlth    ++........             (no amulet)
HPRegen  0.09/turn              (no ring)
MPRegen  0.10/turn              (no ring)

@: no status effects
A: small, mutation resistance 1
a: no special abilities


You were in an ossuary.
You were near starving.

You visited 1 branch of the dungeon, and saw 6 of its levels.
You also visited: Ossuary.

You collected 61 gold pieces.

Inventory:

Hand Weapons
 a - a +1 dagger (weapon)
Missiles
 l - 21 sling bullets
Armour
 b - a +0 robe (worn)
 k - a +0 cloak (worn)
Scrolls
 c - 2 scrolls of teleportation {unknown}
 e - 2 scrolls of blinking {unknown}
 g - a scroll of fog {unknown}
 i - a scroll of magic mapping {unknown}
 j - 3 scrolls of enchant weapon {unknown}
 n - a scroll of remove curse {unknown}
 o - a scroll of identify {unknown}
Potions
 f - a potion of lignification {unknown}
 h - a potion of heal wounds {unknown}
 m - a potion of might {unknown}
Comestibles
 d - 3 rations


   Skills:
 - Level 4.7 Short Blades
 - Level 2.1 Dodging
 - Level 3.2 Stealth
 + Level 1.6 Spellcasting
 - Level 2.4 Hexes


You couldn't memorise any spells.
You knew the following spells:

 Your Spells              Type           Power        Failure   Level  Hunger
a - Corona                Hex            #......      9%          1    ##.....
b - Ensorcelled Hibernat  Hex/Ice        #.....       22%         2    ###....
c - Confuse               Hex            #.......     26%         3    ####...

Your spell library contained the following spells:

 Spells                   Type           Power        Failure   Level  Hunger
 Tukima's Dance           Hex            #.......     26%         3    ####...
 Dazzling Spray           Conj/Hex       #.....       41%         3    ####...


Dungeon Overview and Level Annotations

Branches:
Dungeon (6/15)
 Temple: D:4-7

Altars:

Annotations:
D:2 exclusion: adder
D:5 1 runed door, Twixt's ghost, novice DEWz


Innate Abilities, Weirdness & Mutations

You are small and have problems with some larger weapons.
You are somewhat resistant to further mutation.


Message History

You hit the mummy.
The mummy is lightly damaged.
You hit the mummy.
The mummy is moderately damaged.
You barely miss the mummy.
The mummy is moderately damaged.
Okay, then.
You hit the mummy but do no damage.
The mummy is moderately damaged.
The mummy barely misses you.
You barely miss the mummy.
The mummy is moderately damaged.
The mummy seems less confused.
You hit the mummy.
The mummy is moderately damaged.
The mummy hits you.
* * * LOW HITPOINT WARNING * * *
The mummy hits you!
Ouch! That really hurt!
You die...

#+++#
#...#
+.M.+
#..@#
#...#
#...#
#...#
#...#
#...#
#...#
##'''##
##.....##


You could see a mummy.

Vanquished Creatures
  A worker ant (D:6)
  A hound skeleton (D:5)
  A worm (D:3)
  A dart slug (D:1)
  2 goblins
  6 hobgoblins
  4 ball pythons
  A bat (D:1)
  2 frilled lizards
  A gnoll skeleton (Ossuary)
  5 kobolds (D:2)
  4 kobold skeletons (Ossuary)
  4 orc skeletons (Ossuary)
  3 rats
36 creatures vanquished.

Vanquished Creatures (others)
  An orc warrior (D:6)
  An orc wizard (D:6)
  2 orcs (D:6)
4 creatures vanquished.

Grand Total: 40 creatures vanquished

Notes
Turn   | Place    | Note
-------+----------+-------------------------------------------
     0 | D:1      | Lavandula the Halfling Enchanter began the quest for the
                  | Orb.
     0 | D:1      | Reached XP level 1. HP: 11/11 MP: 3/3
    75 | D:1      | Reached skill level 2 in Short Blades
   430 | D:1      | Reached XP level 2. HP: 13/17 MP: 2/4
   533 | D:2      | Learned a level 2 spell: Ensorcelled Hibernation
   595 | D:2      | Reached skill level 3 in Short Blades
   818 | D:2      | Reached XP level 3. HP: 15/21 MP: 3/5
  1167 | D:5      | Entered Level 5 of the Dungeon
  1174 | D:5      | Reached skill level 4 in Short Blades
  1204 | D:5      | Found a runed door.
  1204 | D:5      | Noticed Twixt's ghost (novice DEWz)
  1214 | D:6      | Reached XP level 4. HP: 23/27 MP: 6/6
  1220 | D:6      | Killed an orc warrior
  1231 | D:6      | Found a sand-covered staircase.
  1239 | Ossuary  | Entered an ossuary
  1239 | Ossuary  | Noticed a wraith
  1239 | Ossuary  | Noticed a wraith
  1239 | Ossuary  | Noticed a wraith
  1244 | Ossuary  | Learned a level 3 spell: Confuse
  1538 | Ossuary  | HP: 1/27 [mummy (6)]
  1539 | Ossuary  | Mangled by a mummy

Vault maps used:
D:1:      mrwooster_arrival_statue_2, hangedman_abyss_or_decor_lesser_grid
D:3:      first_ration, uniq_robin, uniq_grinder
D:4:      minmay_temple_entry_fiery, serial_aquarium,
          aquarium_bridge_island_small, aquarium_window_corner,
          aquarium_window_corner, aquarium_view_2c, aquarium_view_2b,
          aquarium_pool_side, serial_shops, shop, uniq_menkaure, uniq_sigmund
D:5:      gammafunk_ghost_grave, serial_shops, nicolae_shop_statue_plus
D:6:      nicolae_ossuary_entry_plus, lemuel_flamethrower_2
Ossuary:  ossuary_due_mausoleum

Skill      XL: |  1  2  3 |
---------------+----------+-----
Short Blades   | 2 3 4 |  4.7
Dodging        | |  2.1
Stealth        | |  3.2
Spellcasting   | |  1.6
Hexes          | |  2.4

Action                   |  1- 3 |  4- 6 || total
-------------------------+-------+-------++-------
Melee: Dagger            |    98 |    56 ||   154
 Cast: Corona            |    10 |       ||    10
       Ensorcelled Hiber |     5 |       ||     5
       Confuse           |       |     3 ||     3
 Stab: Sleeping          |     9 |       ||     9
  Eat: Chunk             |     2 |       ||     2
Armor: Robe              |     9 |     9 ||    18
Dodge: Dodged            |    46 |    36 ||    82

Table legend:
 A = Non-vault XP
 B = Vault XP
 C = Vault XP percentage of total XP
 D = Non-vault monster count
 E = Vault monster count
 F = Vault count percentage of total count
                 A         B        C        D         E       F
            +---------+---------+-------+---------+---------+-------
      Total |      94 |       9 |   8.7 |      27 |       9 |  25.0
            +---------+---------+-------+---------+---------+-------
        D:1 |      15 |       0 |   0.0 |       9 |       0 |   0.0
        D:2 |      16 |       0 |   0.0 |      11 |       0 |   0.0
        D:3 |      11 |       0 |   0.0 |       5 |       0 |   0.0
        D:5 |      18 |       0 |   0.0 |       1 |       0 |   0.0
        D:6 |      34 |       0 |   0.0 |       1 |       0 |   0.0
    Ossuary |       0 |       9 | 100.0 |       0 |       9 | 100.0
            +---------+---------+-------+---------+---------+-------
